 Dungeon Crawl Stone Soup version 0.32-a0-18-g89e19f1974 (webtiles) character file.

Game seed: 189983495300806570

280 Dirtsage the Changeling (level 6, 0/41 HPs)
             Began as an Octopode Shapeshifter on Jan 16, 2024.
             Killed by divine providence
             ... invoked by an orc priest
              (10 damage)
             ... on level 4 of the Dungeon.
             The game lasted 00:03:57 (3101 turns).

Dirtsage the Changeling (Octopode Shapeshifter)     Turns: 3101, Time: 00:03:58

Health: 0/41       AC:  1    Str: 13    XL:     6   Next: 27%
Magic:  6/6        EV: 14    Int: 12    God:
Gold:   162        SH:  0    Dex: 14    Spells: 5/5 levels left

rFire   + .          .
                       - Unarmed
rCold   . . .        (no shield)
rNeg    . . .        (helmet currently unavailable)
rPois   .            (no amulet)
rElec   .            F - ring of protection from fire
rCorr   .            (no ring)
SInv    .            (no ring)
Will    .....        (no ring)
Stlth   ++           (no ring)
HPRegen 0.26/turn    (no ring)
MPRegen 0.10/turn    (no ring)
                     (no ring)

%: no passive effects
@: beast-form
A: beast (slay +2), almost no armour, amphibious, 8 rings, camouflage 1,
gelatinous body 1, (nimble swimmer 1), tentacles
a: Begin Untransformation


You were on level 4 of the Dungeon.
You were a hulking beast.
You visited 1 branch of the dungeon, and saw 5 of its levels.

You collected 162 gold pieces.

Inventory:

Jewellery
 n - a ring of ice
 F - a ring of protection from fire (left tentacle)
Talismans
 b - a beast talisman
 c - a flux talisman
Wands
 r - a wand of roots (9)
Scrolls
 e - a scroll of revelation {unknown}
 g - a scroll of blinking {unknown}
 j - 2 scrolls of poison {unknown}
 k - 3 scrolls of identify {unknown}
 m - a scroll of enchant weapon {unknown}
 o - a scroll of vulnerability {unknown}
 p - a scroll of fear {unknown}
 s - a scroll of brand weapon {unknown}
Potions
 a - a potion of lignification
 d - a potion of haste {unknown}
 f - 2 potions of might {unknown}
 h - a potion of invisibility {unknown}
 i - a potion of berserk rage
 l - a potion of enlightenment {unknown}
 q - 3 potions of curing
 t - a potion of attraction {unknown}
 u - 2 potions of degeneration {unknown}


   Skills:
 + Level 2.8 Fighting
 + Level 3.3 Dodging
 + Level 4.0 Unarmed Combat
 * Level 4.6 Shapeshifting


You had 5 spell levels left.
You didn't know any spells.
Your spell library contained the following spells:

 Spells                   Type           Power      Damage    Failure   Level
 Magic Dart               Conj           0%         1d3       32%         1
 Blink                    Tloc           0%         N/A       45%         2
 Call Imp                 Summ           0%         N/A       45%         2


Dungeon Overview and Level Annotations

Branches:
Dungeon (5/15)
 Temple: D:4-7

Altars:

Shops:
D:4 (

Annotations:
D:1 1 transporter


Innate Abilities, Weirdness & Mutations

You are a hulking beast.
Your limbs bulge with bestial killing power. (Slay +2)
You cannot wear most types of armour.
You are amphibious.
You can wear up to eight rings at the same time.
Your skin changes colour to match your surroundings (Stealth+).
Your rubbery body absorbs attacks. (AC +1, EV +1)
((You are camouflaged when in or above water. (Stealth+)))
You have tentacles for arms and can constrict up to eight enemies at once.


Message History

You tentacle-slap the ribbon worm. You grab the ribbon worm.
The ribbon worm is lightly wounded.
You constrict the ribbon worm.
The ribbon worm expels a string of sticky webbing.
The stream of webbing misses you.
You tentacle-slap the ribbon worm. You squeeze the ribbon worm!
You kill the ribbon worm!
No target in view!
No target in view!
No target in view!
No target in view!
No target in view!
No target in view!
You see here a ribbon worm corpse.
You open the door.
There is an open door here.
There is an open door here.
Health restored: 41 The orc shouts!
The orc wizard shouts!
The orc shouts!
The orc hits you with a +0 short sword.
The orc priest mumbles some strange prayers to Beogh against you.
Beogh smites you!
The orc wizard gestures wildly while chanting.
The orc wizard flickers and vanishes!
Deactivating autopickup; reactivate with Ctrl-A.
The ball python hisses angrily.
You take 20 damage, and have 21/41 hp.
MASSIVE DAMAGE!!
You are too injured to fight recklessly!
The orc attacks as it pursues you! The orc completely misses you.
The orc priest invokes the aid of Beogh against you.
Pain shoots through your body!
You take 7 damage, and have 15/41 hp.
The orc priest looks encouraged for a moment.
The orc attacks as it pursues you! The orc hits you with a +0 short sword.
* * * LOW HITPOINT WARNING * * *
You take 6 damage, and have 9/41 hp.
The orc priest invokes the aid of Beogh against you.
Beogh smites you!
You die...

>.S........##...#....#
...........'....#....+
...........#....#....#
...........#....#....#+##
...........####+#........
####+##..o.S.............
..'.....o............
..#..................
#........oh....##
#.....#####....+ #.....#
#....# . ####### #....#
.# #...######....# #.##
##...#.........# ....
#....#.........# ....
#....'.........# ....
###+##†........#


You could see an orc priest, 2 orcs and a ball python.

Vanquished Creatures
  A phantom (D:4)
  A jelly (D:3)
  An iguana (D:5)
  6 adders
  5 dart slugs
  2 ribbon worms
  3 orcs (D:4)
  5 endoplasms
  2 giant cockroaches
  7 goblins
  7 hobgoblins
  6 jackals
  5 kobolds
  3 quokkas
  10 ball pythons
  8 bats
  2 frilled lizards
  9 rats
83 creatures vanquished.

Notes
Turn   | Place    | Note
-------+----------+-------------------------------------------
     0 | D:1      | Dirtsage the Octopode Shapeshifter began the quest for the
                  | Orb.
     0 | D:1      | Reached XP level 1. HP: 13/13 MP: 1/1
   186 | D:1      | Reached XP level 2. HP: 16/18 MP: 2/2
   288 | D:1      | Found a faded altar of an unknown god.
   764 | D:1      | Reached XP level 3. HP: 21/23 MP: 3/3
   991 | D:2      | HP: 1/24 [poisoned by an adder]
  1210 | D:2      | Reached XP level 4. HP: 10/29 MP: 4/4
  2345 | D:3      | Reached XP level 5. HP: 34/34 MP: 5/5
  2679 | D:4      | Noticed a phantom
  2690 | D:4      | Killed a phantom
  2691 | D:4      | Reached XP level 6. HP: 17/41 MP: 6/6
  2695 | D:4      | HP: 2/41 [orc priest/divine providence (12)]
  2698 | D:5      | Entered Level 5 of the Dungeon
  2879 | D:4      | Found Qephuu Omni's Weapon Emporium.
  3101 | D:4      | Killed from afar by an orc priest

Illustrated notes

Levels and vault maps discovered:
D:1:      spicycebolla_arrival_risky_transporter, layout_loops_corners,
          hellmonk_ecumenical_altar_pennies_from_heaven
D:2:      minmay_wonky_spiral, layout_basic
D:3:      layout_basic
D:4:      layout_gridville, serial_shops, nicolae_shop_bloodbath_and_beyond,
          minmay_crystal_water
D:5:      layout_loops_ring, chequers_temple_overflow_minitemple, uniq_eustachio

Skill      XL: |  1  2  3  4  5  6 |
---------------+-------------------+-----
Fighting       | 2 |  2.8
Shapeshifting  | 4 |  4.6
Dodging        | 3 |  3.3
Unarmed Combat | 4 |  4.0

Action                     |  1- 3 |  4- 6 || total
---------------------------+-------+-------++-------
  Melee: Unarmed           |    55 |    92 ||   147
         Constrict         |    13 |    25 ||    38
         Tentacles         |     9 |    21 ||    30
         Punch             |     1 |     2 ||     3
    Use: Potion            |     1 |     1 ||     2
   Stab: Sleeping          |     6 |     6 ||    12
 Armour: Skin              |    25 |    48 ||    73
  Dodge: Dodged            |    32 |    66 ||    98

Table legend: (Time is in decaauts)
 A = Elapsed time spent in this place.
 B = Non-inter-level travel time spent in this place.
 C = Inter-level travel time spent in this place.
 D = Time resting spent in this place.
 E = Time spent auto-exploring this place.
 F = Levels seen in this place.
 G = Mean time per level.
                   A        B        C        D        E       F      G
               +--------+--------+--------+--------+--------+-----+--------+
         Total |   3103 |   3053 |     50 |     83 |   2527 |   5 |  620.6 |
       Dungeon |   3103 |   3053 |     50 |     83 |   2527 |   5 |  620.6 |
               +--------+--------+--------+--------+--------+-----+--------+

Top non-repeatable levels by time:
     D:2: 1047 daAuts
     D:1: 828 daAuts
     D:3: 645 daAuts
     D:4: 419 daAuts
     D:5: 163 daAuts
